 Dungeon Crawl Stone Soup version 0.22-a0-769-g178e55541d (webtiles) character file.

65 RedPan the Sneak (level 4, -1/38 HPs)
             Began as a Ghoul Monk on July 17, 2018.
             Killed from afar by Natasha (2 damage)
             ... with a magic dart
             ... on level 2 of the Dungeon.
             The game lasted 00:02:59 (1669 turns).

RedPan the Sneak (Ghoul Monk)                       Turns: 1669, Time: 00:03:00

Health: -1/38      AC:  5    Str: 14    XL:     4   Next: 14%
Magic:  3/3        EV: 11    Int: 11    God:
Gold:   53         SH:  0    Dex: 11    Spells: 3/3 levels left

rFire    . . .     SeeInvis .   a - +1 mace
rCold    + . .     Gourm    .   (no shield)
rNeg     + + +     Faith    .   p - +0 ring mail (curse)
rPois    ∞         Spirit   .   (no helmet)
rElec    .         Reflect  .   (no cloak)
rCorr    .         Harm     .   (no gloves)
MR       .....                  (no boots)
Stlth    ++........             (no amulet)
HPRegen  0.00/turn              (no ring)
MPRegen  0.08/turn              (no ring)

@: brilliant, rotting
A: rotting body, claws 1, carnivore, cold resistance 1, negative energy
resistance 3, inhibited regeneration, torment resistance, unbreathing
a: no special abilities


You were on level 2 of the Dungeon.
You were not hungry.

You visited 1 branch of the dungeon, and saw 2 of its levels.

You collected 53 gold pieces.

Inventory:

Hand Weapons
 a - a +1 mace (weapon)
Armour
 b - a +0 robe
 p - a cursed +0 ring mail (worn)
Scrolls
 g - a scroll of identify
 h - a scroll of magic mapping
 i - a scroll of fear
 j - a scroll of enchant weapon
 l - 6 scrolls of teleportation
 o - a scroll of remove curse {unknown}
Potions
 d - a potion of agility
 e - a potion of lignification
 k - a potion of ambrosia {unknown}
 n - a potion of mutation {unknown}
Comestibles
 c - a ration


   Skills:
 - Level 3.2 Fighting
 + Level 3.6 Maces & Flails
 - Level 2.6 Dodging
 + Level 3.9 Stealth


You had 3 spell levels left.
You didn't know any spells.
Your spell library was empty.

Dungeon Overview and Level Annotations

Branches:
Dungeon (2/15)

Altars:

Annotations:
D:2 Natasha


Innate Abilities, Weirdness & Mutations

Your body is rotting away.
You thrive on raw meat.
You are immune to poison.
You have sharp fingernails.
You are carnivorous and can eat meat at any time.
Your flesh is cold resistant. (rC+)
You are immune to negative energy. (rN+++)
You do not regenerate when monsters are visible.
You are immune to unholy pain and torment.
You can survive without breathing.


Message History

Natasha is heavily wounded.
Natasha barely misses you. Natasha casts a spell at you.
The magic dart hits you!
* * * LOW HITPOINT WARNING * * *
You hit Natasha.
Natasha is severely wounded.
Natasha claws you.
* * * LOW HITPOINT WARNING * * *
Natasha closely misses you.
It was a potion of lignification.
You feel woody for a moment.
You feel yourself speed up. Natasha claws you!
* * * LOW HITPOINT WARNING * * *
Natasha closely misses you.
It was a potion of brilliance.
You feel clever all of a sudden. Natasha casts a spell at you.
The magic dart hits you!
You die...

** #..,* *,**,**,*,****,* ,*
#...* *,**>**,*,,,,,,* ,* #...#
#####,##.**,#******* .* #..>#
#...,....**.#******
.####...####.###....,..*,,,,,****
..............#....,..**,,,,,**,,
................#*,.#,,,,,,,,**,*
..............####..#***,,,,,**,,
,*#......###...5@h..# *,,,,,**,*
,*#†#...)# ########.# ********,,
,*#.#....# *,,,* *,* *##.#....#
*,*** ****,, ##.......# *,*
*,,,,, #...#...## *,* *,****
.....#.#########*,******* *,*
........<......#*,,,,,,,* *,*
.......#######.#*,**,**,****,*


You could see Natasha and a white imp.

Vanquished Creatures
  Jessica (D:2)
  3 dart slugs (D:1)
  2 leopard geckos (D:1)
  4 bats (D:1)
  2 goblins
  6 hobgoblins
  4 jackals
  2 kobolds
  3 frilled lizards (D:1)
  4 rats (D:1)
31 creatures vanquished.

Notes
Turn   | Place    | Note
-------+----------+-------------------------------------------
     0 | D:1      | RedPan the Ghoul Monk began the quest for the Orb.
     0 | D:1      | Reached XP level 1. HP: 19/19 MP: 0/0
   227 | D:1      | Reached XP level 2. HP: 26/26 MP: 1/1
   886 | D:1      | Reached XP level 3. HP: 20/31 MP: 2/2
  1431 | D:2      | Noticed Jessica
  1443 | D:2      | Killed Jessica
  1443 | D:2      | Reached XP level 4. HP: 27/38 MP: 3/3
  1652 | D:2      | Noticed Natasha
  1668 | D:2      | HP: 1/38 [Natasha (8)]
  1669 | D:2      | Killed from afar by Natasha

Vault maps used:
D:1:      matt_arrival_spirals, glass_columns_b, minmay_lizard_pond
D:2:      minmay_misc_feat_enclosed, uniq_jessica, uniq_natasha

Skill      XL: |  1  2 |
---------------+-------+-----
Maces & Flails | 3 |  3.6
Stealth        | 3 |  3.9
Fighting       | |  3.2
Dodging        | |  2.6

Action                   |  1- 3 |  4- 6 || total
-------------------------+-------+-------++-------
Melee: Mace              |    97 |    18 ||   115
  Use: Scroll            |     5 |       ||     5
       Potion            |       |     2 ||     2
 Stab: Sleeping          |     4 |     1 ||     5
  Eat: Chunk             |     7 |     2 ||     9
Armor: Robe              |    24 |       ||    24
       Ring mail         |       |     4 ||     4
Dodge: Dodged            |    90 |    12 ||   102

Table legend:
 A = Spawn XP
 B = Non-spawn XP
 C = Spawn XP percentage of total XP
 D = Spawn monster count
 E = Non-spawn monster count
 F = Spawn count percentage of total count
 G = Total turns spent on level
                    A         B        C        D         E        F      G
               +---------+---------+-------+---------+---------+-------+---------
         Total |       0 |      94 |   0.0 |       0 |      31 |   0.0 |  1669
               +---------+---------+-------+---------+---------+-------+---------
           D:1 |       0 |      44 |   0.0 |       0 |      23 |   0.0 |  1372
           D:2 |       0 |      50 |   0.0 |       0 |       8 |   0.0 |   297
               +---------+---------+-------+---------+---------+-------+---------
